 Dungeon Crawl Stone Soup version 0.31-a0-986-g5e6e4ef867 (webtiles) character file.

Game seed: 6871271183711933622

13764 timneilson the Grappler (level 12, -9/82 HPs)
             Began as an Octopode Shapeshifter on Nov 12, 2023.
             Was an Initiate of Gozag.
             Mangled by a white ugly thing (32 damage)
             ... on level 11 of the Dungeon.
             The game lasted 00:24:11 (9186 turns).

timneilson the Grappler (Octopode Shapeshifter)     Turns: 9186, Time: 00:24:13

Health: -9/82      AC:  1    Str: 18    XL:     12   Next: 9%
Magic:  19/19      EV: 21    Int: 12    God:    Gozag
Gold:   800        SH:  0    Dex: 12    Spells: 20/21 levels left

rFire   + .          .
                       - Unarmed
rCold   . . .        (shield currently unavailable)
rNeg    . . .        (helmet restricted)
rPois   +            t - amulet of regeneration
rElec   .            i - ring of poison resistance
rCorr   .            r - ring of protection from fire
SInv    .            n - +5 ring of evasion
Will    +....        y - ring of flight
Stlth   ++           z - ring of willpower
HPRegen 1.13/turn    (no ring)
MPRegen 0.16/turn    (no ring)
                     (no ring)

%: no passive effects
@: flux-form, flying, glowing
A: glow, contaminating, almost no armour, amphibious, 8 rings, camouflage 1,
gelatinous body 1, (nimble swimmer 1), tentacles
a: Begin Untransformation, Renounce Religion, Potion Petition, Call Merchant,
Bribe Branch


You were on level 11 of the Dungeon.
You worshipped Gozag.
Gozag was pleased with you.
You were something dangerously unstable.
You visited 2 branches of the dungeon, and saw 12 of its levels.

You collected 1888 gold pieces.
You spent 288 gold pieces at shops.
You paid 800 gold pieces to Gozag.

Inventory:

Missiles
 C - 2 throwing nets
Jewellery
 i - a ring of poison resistance (left tentacle)
 n - a +5 ring of evasion (on tentacle)
 r - a ring of protection from fire (right tentacle)
 t - an amulet of regeneration (around mantle)
 y - a ring of flight (on tentacle)
 z - a ring of willpower (on tentacle)
Talismans
 b - a beast talisman
 c - a flux talisman (active)
Wands
 f - a wand of acid (9)
 m - a wand of mindburst (12)
 q - a wand of polymorph (5)
 x - a wand of roots (14)
Scrolls
 e - 6 scrolls of teleportation
 j - 2 scrolls of immolation
 s - 2 scrolls of blinking
 u - a scroll of amnesia
 v - a scroll of poison
 A - a scroll of silence
Potions
 a - 3 potions of lignification
 d - a potion of might
 g - 3 potions of heal wounds
 h - 4 potions of mutation
 k - 3 potions of resistance
 l - 2 potions of invisibility
 o - 2 potions of ambrosia
 p - 5 potions of haste
 w - a potion of attraction {unknown}
 B - a potion of brilliance {unknown}


   Skills:
 * Level 8.1 Fighting
 * Level 8.3 Dodging
 + Level 8.4 Stealth
 * Level 8.6 Unarmed Combat
 + Level 5.1 Spellcasting
 + Level 3.2 Translocations
 + Level 6.0 Evocations
 * Level 8.1 Shapeshifting


You had 20 spell levels left.
You knew the following spells:

 Your Spells              Type           Power      Damage    Failure   Level
a - Apportation           Tloc           20%        N/A       5%          1

Your spell library contained the following spells:

 Spells                   Type           Power      Damage    Failure   Level
 Necrotise                Necr           12%        1d4       21%         1
 Summon Small Mammal      Summ           12%        N/A       21%         1
 Cigotuvi's Dreadful Rot  Necr/Pois/Air  6%         N/A       30%         2
 Passage of Golubria      Tloc           10%        N/A       47%         4
 Dispel Undead            Necr           3%         3d7       89%         4
 Silence                  Hex/Air        1%         N/A       99%         5
 Death Channel            Necr           1%         N/A       100%        6
 Haunt                    Necr/Summ      1%         N/A       100%        7
 Infestation              Necr           1%         N/A       100%        8
 Lehudib's Crystal Spear  Conj/Erth      1%         10d2      100%        8
 Animate Dead             Necr           Unusable   N/A       N/A         4

Dungeon Overview and Level Annotations

Branches:
Dungeon (11/15)            Temple (1/1) D:4            Lair (0/5) D:9
    Orc (0/2) D:9

Altars:
Ashenzari
Cheibriados
Dithmenos
Elyvilon
Fedhas
Gozag
Kikubaaqudgha
Makhleb
Nemelex Xobeh
Okawaru
Qazlal
Ru
Sif Muna
Trog
Vehumet
Wu Jian
Xom
Yredelemnul
Zin
The Shining One

Shops:
D:9 *

Annotations:
D:3 4 runed translucent doors, Crazy Yiuf; Doj's ghost, amateur TrSh
D:9 2 runed translucent doors


Innate Abilities, Weirdness & Mutations

You are something dangerously unstable.
You glow with magical radiation, making you easy to see and hit.
Foes you strike become dangerously contaminated with magical radiation.
You are incapable of wielding weapons or throwing items.
You cannot wear most types of armour.
You are amphibious.
You can wear up to eight rings at the same time.
Your skin changes colour to match your surroundings (Stealth+).
Your rubbery body absorbs attacks. (AC +1, EV +1)
((You are camouflaged when in or above water. (Stealth+)))
You have tentacles for arms and can constrict up to eight enemies at once.


Message History

The troll is almost dead.
You tentacle-slap the troll.
You kill the troll!
Your Evocations skill increases to level 6!
You start resting.
HP restored.
You now have 800 gold pieces (gained 17).
a - 3 potions of lignification (gained 1)
You reach down and open the door.
A cyan ugly thing comes into view.
Found a stone staircase leading up.
There is an open door here.
The cyan ugly thing gurgles horribly!
There is an open door here.
Found a scroll labelled JOJESK YGUM.
The cyan ugly thing punches you! The cyan ugly thing shocks you!
There is an open door here.
You tentacle-slap the cyan ugly thing but do no damage.
The cyan ugly thing begins to glow.
Your grab misses the cyan ugly thing.
Your squeeze misses the cyan ugly thing.
The cyan ugly thing punches you! The cyan ugly thing shocks you!
You tentacle-slap the cyan ugly thing.
The cyan ugly thing glows dangerously bright.
You grab the cyan ugly thing.
The cyan ugly thing is lightly wounded.
You constrict the cyan ugly thing. You tentacle-slap the cyan ugly thing.
The cyan ugly thing shudders as magic cascades through it!!
The cyan ugly thing basks in the mutagenic energy and changes!
You squeeze the white ugly thing.
The white ugly thing is severely wounded.
You constrict the white ugly thing. You tentacle-slap the white ugly thing.
The white ugly thing begins to glow.
You squeeze the white ugly thing.
The white ugly thing is severely wounded.
You constrict the white ugly thing. The white ugly thing engulfs you!
* * * LOW HITPOINT WARNING * * *
The white ugly thing freezes you!!
You die...
Your body crumbles into a pile of gold.

# #######.?
######### #........
#.......####........
#.........##........
#.......#.pu...<....
#.......####........
#.......# #........
#.......# #........
#####.### #........
#.## ####+#### #..#
########.##
#.........#


You could see a white ugly thing (contam).

Vanquished Creatures
  Josephine (D:10)
  Harold (D:10)
  A two-headed ogre (D:9)
  Sonja (D:10)
  Pikel (D:6)
  A manticore (D:9)
  3 centaur skeletons (D:8)
  Jeremiah (D:6)
  2 trolls
  2 hornets
  A hellwing (D:7)
  2 shadows
  4 wraiths
  Eustachio (D:4)
  2 wyverns (D:9)
  2 steam dragons
  5 vampire mosquitoes (D:9)
  11 yaks
  An acid dragon (D:10)
  2 water moccasins
  Duvessa (D:6)
  6 orc warriors
  2 black bears (D:9)
  A phantom (D:5)
  2 centaurs
  A lemure (D:6)
  A kobold brigand (D:8)
  Blork the orc (D:4)
  3 bullfrogs
  3 scorpions
  3 wights
  Dowan (D:6)
  25 killer bees
  5 howler monkeys
  5 orc priests
  A gnoll bouda (D:6)
  5 hounds
  A jelly (D:4)
  5 iguanas
  11 orc wizards
  4 sleepcaps
  Natasha (thrice) (D:3)
  A boggart skeleton (D:8)
  Robin (D:3)
  9 gnolls
  2 adders (D:5)
  5 shadow imps (D:7)
  4 white imps
  2 worms
  4 dart slugs
  32 orcs
  6 ball pythons
  4 endoplasms
  3 giant cockroaches
  9 goblins
  7 hobgoblins
  7 jackals
  5 quokkas
  7 bats
  A frilled lizard (D:2)
  14 kobolds
  6 rats
264 creatures vanquished.

Notes
Turn   | Place    | Note
-------+----------+-------------------------------------------
     0 | D:1      | timneilson the Octopode Shapeshifter began the quest for
                  | the Orb.
     0 | D:1      | Reached XP level 1. HP: 13/13 MP: 1/1
   361 | D:1      | Reached XP level 2. HP: 18/18 MP: 2/2
  1087 | D:2      | Reached skill level 1 in Stealth
  1087 | D:2      | Reached XP level 3. HP: 21/23 MP: 3/3
  1514 | D:3      | Noticed Natasha
  1527 | D:3      | Killed Natasha
  1528 | D:3      | Reached XP level 4. HP: 7/29 MP: 4/4
  1533 | D:3      | Noticed Natasha
  1631 | D:3      | Found a faded altar of an unknown god.
  1687 | D:3      | Found a runed translucent gate.
  1687 | D:3      | Found a runed translucent gate.
  1687 | D:3      | Found a runed translucent gate.
  1703 | D:3      | Found a runed translucent door.
  1704 | D:3      | Noticed Crazy Yiuf
  1727 | D:3      | Noticed Doj's ghost (amateur TrSh)
  1757 | D:3      | Killed Natasha
  1758 | D:3      | Reached skill level 1 in Spellcasting
  1761 | D:3      | Reached XP level 5. HP: 13/34 MP: 6/6
  1890 | D:3      | Reached skill level 1 in Evocations
  2031 | D:3      | Found a sacrificial altar of Ru.
  2093 | D:3      | Noticed Natasha
  2098 | D:3      | Killed Natasha
  2099 | D:3      | Reached XP level 6. HP: 41/41 MP: 6/8
  2410 | D:4      | Noticed Robin
  2493 | D:3      | Killed Robin
  2833 | D:4      | Noticed Eustachio
  2850 | D:4      | Killed Eustachio
  2851 | D:4      | Reached XP level 7. HP: 23/46 MP: 9/9
  2969 | D:4      | Noticed Blork the orc
  2979 | D:4      | Killed Blork the orc
  3073 | D:4      | Found a staircase to the Ecumenical Temple.
  3080 | Temple   | Entered the Ecumenical Temple
  3090 | Temple   | Became a worshipper of Gozag Ym Sagoz the Greedy
  3200 | D:4      | You fall into a shaft and drop 2 floors!
  3203 | D:6      | Noticed a wraith
  3214 | D:6      | Killed a wraith
  3241 | D:6      | Noticed a steam dragon
  3334 | D:5      | Entered Level 5 of the Dungeon
  3488 | D:5      | Reached XP level 8. HP: 54/54 MP: 11/11
  3570 | D:5      | Found a basalt altar of Yredelemnul.
  4328 | D:5      | Reached skill level 5 in Unarmed Combat
  4556 | D:5      | Reached skill level 5 in Shapeshifting
  4704 | D:6      | Noticed Jeremiah
  4711 | D:6      | Killed Jeremiah
  4746 | D:6      | HP: 1/54 [orc warrior/+0 mace (12)]
  4749 | D:6      | Reached skill level 5 in Dodging
  4749 | D:6      | Reached XP level 9. HP: 26/59 MP: 13/13
  4788 | D:6      | Noticed Pikel
  4796 | D:6      | Noticed Dowan
  4810 | D:6      | Killed Pikel
  4811 | D:6      | Reached skill level 5 in Fighting
  4811 | D:6      | Reached skill level 5 in Stealth
  4840 | D:6      | Noticed Duvessa
  4852 | D:6      | Killed Duvessa
  4854 | D:6      | Killed Dowan
  5300 | D:7      | Noticed a hornet
  5318 | D:7      | Killed a hornet
  5484 | D:7      | Reached XP level 10. HP: 29/68 MP: 15/15
  5851 | D:8      | HP: 3/68 [centaur warrior skeleton (4)]
  6476 | D:8      | Learned a level 1 spell: Apportation
  6689 | D:8      | Reached skill level 1 in Translocations
  6841 | D:9      | Noticed a two-headed ogre
  6866 | D:9      | Found a large runed translucent door.
  6867 | D:9      | Found a large runed translucent door.
  7119 | D:9      | Killed a two-headed ogre
  7120 | D:9      | Reached skill level 5 in Evocations
  7120 | D:9      | Reached XP level 11. HP: 16/75 MP: 17/17
  7452 | D:9      | Found a staircase to the Orcish Mines.
  7619 | D:9      | Noticed a manticore
  7637 | D:9      | Killed a manticore
  7749 | D:9      | Found a staircase to the Lair.
  7957 | D:9      | Bought a scroll labelled SOSOGY NOWI for 30 gold pieces
  7957 | D:9      | Bought 2 metallic purple potions for 54 gold pieces
  7957 | D:9      | Bought 2 metallic purple potions for 54 gold pieces
  7958 | D:9      | Bought a scroll of identify for 60 gold pieces
  7958 | D:9      | Bought a scroll of teleportation for 90 gold pieces
  7977 | D:10     | Entered Level 10 of the Dungeon
  8497 | D:10     | Noticed Josephine
  8793 | D:10     | Killed Josephine
  8863 | D:10     | Noticed Sonja
  8868 | D:10     | Killed Sonja
  8869 | D:10     | Reached skill level 5 in Spellcasting
  8869 | D:10     | Reached XP level 12. HP: 82/82 MP: 19/19
  8986 | D:10     | Noticed Harold
  8999 | D:10     | Killed Harold
  9186 | D:11     | Mangled by a white ugly thing

Illustrated notes

Levels and vault maps discovered:
D:1:      dpeg_arrival_stonehenge_8_columns, layout_basic, serial_forest,
          infiniplex_forest_lined_2, infiniplex_forest_clump_diagonal,
          infiniplex_forest_clump_cross, infiniplex_forest_clump_curved
D:2:      layout_loops_ring
D:3:      layout_rooms, nicolae_overflow_crystal_walls,
          hellmonk_ecumenical_altar_dog_temple, gammafunk_ghost_necromancy,
          st_stairs_7, uniq_natasha, uniq_crazy_yiuf_cottage
D:4:      layout_basic, minmay_temple_entry_enclosed_plants,
          serial_corexii_hall, corexii_hall_statues_u, chequers_hall_statues_y,
          uniq_blork_the_orc, uniq_robin, uniq_eustachio
D:5:      layout_layer_cave, lemuel_tele_altar
D:6:      layout_basic, uniq_jeremiah, uniq_duvessa, uniq_pikel
D:7:      layout_rooms
D:8:      cheibrodos_grave_circle, layout_basic
D:9:      layout_gridville, jmf_multi_god_temple2, david_lair_generic,
          david_orc_4, minmay_bent
D:10:     layout_small_grid, kennysheep_generic_room_12, uniq_harold,
          uniq_sonja, uniq_josephine
D:11:     layout_roguey
Temple:   dpeg_three_leaves_temple

Skill      XL: |  1  2  3  4  5  6  7  8  9 10 11 12 |
---------------+-------------------------------------+-----
Stealth        | 1 2 3 4 6 7 8 |  8.4
Fighting       | 2 3 4 5 7 8 |  8.1
Spellcasting   | 1 2 3 4 5 |  5.1
Evocations     | 1 2 3 4 5 6 |  6.0
Dodging        | 3 4 5 6 7 8 |  8.3
Unarmed Combat | 4 5 6 7 8 |  8.6
Shapeshifting  | 4 5 6 7 8 |  8.1
Translocations | 1 3 |  3.2

Action                     |  1- 3 |  4- 6 |  7- 9 | 10-12 || total
---------------------------+-------+-------+-------+-------++-------
  Melee: Unarmed           |    63 |    98 |   236 |   385 ||   782
         Constrict         |    16 |    27 |    58 |    64 ||   165
         Tentacles         |    12 |    29 |    55 |   108 ||   204
         Punch             |     1 |     1 |    11 |     5 ||    18
 Invoke: Call Merchant     |       |       |       |     1 ||     1
  Evoke: Wand              |       |       |       |     6 ||     6
    Use: Scroll            |     5 |     1 |     8 |     4 ||    18
         Potion            |       |     1 |     2 |     4 ||     7
   Stab: Sleeping          |     5 |     2 |     7 |     4 ||    18
         Distracted        |       |       |       |     5 ||     5
 Armour: Skin              |    25 |    65 |    86 |   222 ||   398
  Dodge: Dodged            |    33 |   115 |   172 |   440 ||   760
   Form: Flux              |       |       |       |     1 ||     1

Table legend: (Time is in decaauts)
 A = Elapsed time spent in this place.
 B = Non-inter-level travel time spent in this place.
 C = Inter-level travel time spent in this place.
 D = Time resting spent in this place.
 E = Time spent auto-exploring this place.
 F = Levels seen in this place.
 G = Mean time per level.
                   A        B        C        D        E       F      G
               +--------+--------+--------+--------+--------+-----+--------+
         Total |   9119 |   8885 |    234 |   1055 |   5223 |  12 |  759.9 |
       Dungeon |   9098 |   8873 |    225 |   1055 |   5223 |  11 |  827.1 |
        Temple |     20 |     11 |      9 |      0 |      0 |   1 |   20.0 |
               +--------+--------+--------+--------+--------+-----+--------+

Top non-repeatable levels by time:
     D:9: 1210 daAuts
    D:10: 1089 daAuts
     D:4: 1038 daAuts
     D:3: 1017 daAuts
     D:1: 872 daAuts
     D:5: 871 daAuts
     D:8: 789 daAuts
     D:6: 739 daAuts
     D:2: 703 daAuts
     D:7: 701 daAuts
    D:11: 64 daAuts
  Temple: 20 daAuts
